 Dungeon Crawl Stone Soup version 0.26-a0-837-g5a8a614f01 (webtiles) character file.

Game seed: 2149427255923685060

59712 amb the Severer (level 14, -5/129 HPs)
             Began as a Minotaur Berserker on Nov 18, 2020.
             Was the Champion of Trog.
             Slain by an enormous slime creature (73 damage)
             ... on level 12 of the Dungeon.
             The game lasted 01:07:45 (24731 turns).

amb the Severer (Minotaur Berserker)               Turns: 24731, Time: 01:07:46

Health: -5/129     AC: 28    Str: 27    XL:     14   Next: 54%
Magic:  4/4        EV: 13    Int:  2    God:    Trog [******]
Gold:   1971       SH:  0    Dex: 12    Spells: 13/13 levels left

rFire    . . .     SeeInvis .   f - +4 executioner's axe (antimagic)
rCold    . . .     Faith    .   (shield currently unavailable)
rNeg     + . .     Spirit   .   B - +4 plate armour
rPois    .         Reflect  .   (helmet restricted)
rElec    .         Harm     .   w - +0 cloak
rCorr    +         Rampage  .   X - +2 pair of gloves
MR       ++...                  H - +2 pair of boots of Vanity {rCorr Int-2 Slay+2}
Stlth    ..........             V - amulet of regeneration
HPRegen  0.71/turn              Y - ring of positive energy
MPRegen  0.09/turn              l - ring of protection from magic

@: no status effects
A: retaliatory headbutt, horns 2, thin skeletal structure 1
a: Berserk, Trog's Hand, Brothers in Arms, Renounce Religion


You were on level 12 of the Dungeon.
You worshipped Trog.
Trog was exalted by your worship.
You visited 2 branches of the dungeon, and saw 18 of its levels.

You collected 1971 gold pieces.

Inventory:

Hand Weapons
 f - a +4 antimagic executioner's axe (weapon)
   (Trog gifted it to you on level 11 of the Dungeon)
 I - a +8 antimagic battleaxe
   (Trog gifted it to you on level 8 of the Dungeon)
 T - a +2 long sword of flaming
   (Trog gifted it to you on level 6 of the Lair of Beasts)
Missiles
 E - 52 poisoned darts (quivered)
Armour
 w - a +0 cloak (worn)
   (You found it on level 8 of the Dungeon)
 y - a +0 pair of gloves
   (You found it on level 4 of the Dungeon)
 B - a +4 plate armour (worn)
   (You found it on level 6 of the Dungeon)
 H - the +2 pair of boots of Vanity (worn) {rCorr Int-2 Slay+2}
   (You found it on level 6 of the Dungeon)

   It affects your intelligence (-2).
   It affects your accuracy and damage with ranged weapons and melee attacks
   (+2).
   It provides partial protection from all sources of acid and corrosion.
 X - a +2 pair of gloves (worn)
   (You found it on level 12 of the Dungeon)
 Z - a +0 cloak
   (You found it on level 12 of the Dungeon)
Jewellery
 i - an uncursed ring of protection from fire
   (You found it on level 10 of the Dungeon)
 l - a ring of protection from magic (right hand)
   (You found it on level 8 of the Dungeon)
 A - an uncursed amulet of guardian spirit
   (You took it off an orc on level 4 of the Dungeon)
 L - an uncursed ring of resist corrosion
   (You found it on level 3 of the Lair of Beasts)
 M - an uncursed ring of ice
   (You found it on level 2 of the Lair of Beasts)
 N - an uncursed ring of poison resistance
   (You found it on level 2 of the Lair of Beasts)
 V - an amulet of regeneration (around neck)
   (You found it on level 9 of the Dungeon)
 Y - a ring of positive energy (left hand)
   (You found it on level 1 of the Dungeon)
Wands
 d - a wand of iceblast (6)
   (You found it on level 5 of the Dungeon)
 t - a wand of flame (61)
   (You found it on level 5 of the Lair of Beasts)
 u - a wand of paralysis (27)
   (You found it on level 3 of the Lair of Beasts)
 v - a wand of digging (5)
   (You found it on level 6 of the Lair of Beasts)
 x - a wand of acid (29)
   (You found it on level 8 of the Dungeon)
Scrolls
 a - a scroll of immolation {unknown}
 h - a scroll of identify {@r1}
 j - a scroll of fog {unknown}
 k - 3 scrolls of fear
 o - 2 scrolls of teleportation {@r4}
 p - 7 scrolls of remove curse {@r2}
 s - 3 scrolls of amnesia
 C - 5 scrolls of magic mapping
 D - 2 scrolls of vulnerability {unknown}
 F - a scroll of acquirement {unknown}
 G - 3 scrolls of blinking
 J - a scroll of noise {!r}
 P - a scroll of summoning {unknown}
 Q - a scroll of enchant weapon
 R - 2 scrolls of random uselessness {unknown}
 S - a scroll of torment {!r}
Potions
 b - 3 potions of resistance
 c - 2 potions of curing {@q1}
 e - 3 potions of degeneration {!q}
 g - 2 potions of mutation {!q}
 m - 3 potions of flight
 n - 5 potions of attraction {!q}
 q - 4 potions of lignification {!q}
 r - a potion of ambrosia
 z - a potion of haste {unknown}
 K - 2 potions of invisibility
 O - 2 potions of brilliance
 W - a potion of cancellation {unknown}
Miscellaneous
 U - a phantom mirror
   (You found it on level 9 of the Dungeon)


   Skills:
 + Level 13.4 Fighting
 - Level 6.4 Long Blades
 * Level 17.5 Axes
 + Level 13.3 Armour
 + Level 12.2 Dodging
 + Level 5.5 Evocations


You had 13 spell levels left.
You didn't know any spells.
Your spell library was empty.

Dungeon Overview and Level Annotations

Branches:
Dungeon (12/15)            Temple (0/1) D:4            Lair (6/6) D:8
  Swamp (0/4) Lair:3       Spider (0/4) Lair:3        Slime (0/5) Lair:6
    Orc (0/2) D:12

Altars:
Elyvilon
Fedhas
Hepliaklqana
Nemelex Xobeh
Okawaru
Uskayaw
Vehumet
Xom
The Shining One
Beogh
Jiyva

Shops:
D:5 *

Annotations:
D:11 exclusions: oklob plant and oklob sapling


Innate Abilities, Weirdness & Mutations

You reflexively headbutt those who attack you in melee.
You have a pair of horns on your head.
You have a somewhat thin skeletal structure. (Dex +2, Stealth)


Message History

You closely miss Psyche. You headbutt Psyche! Psyche barely misses you.
Psyche hits you but does no damage.
You cut Psyche into ribbons!!!
You kill Psyche!
Trog accepts your kill.
Trog appreciates your killing of a magic user.
D - 2 scrolls labelled OGOMAPPAVU (gained 1)
Things that are here:
a +0 dagger of chaos; a +1 robe of cold resistance
Found 19 sling bullets.
Found a cloak and a flail.
You see here a cloak.
Z - a cloak
Things that are here:
a +0 dagger of chaos; a +1 robe of cold resistance You see here an iguana corpse.
Things that are here:
a cursed +4 long sword; a +0 robe You see here an arrow.
Things that are here:
a +0 shortbow; 15 arrows You see here an arrow.
A slime creature comes into view.
The slime creature quivers.
An adder comes into view.
The adder hisses angrily.
The adder moves out of view.
A slime creature comes into view.
A slime creature comes into view.
The slime creature quivers. x2
Two slime creatures merge to form a large slime creature.
You open the slime creature like a pillowcase!!!
A slime creature comes into view.
The slime creature hits you but does no damage.
Two slime creatures merge to form a very large slime creature.
A slime creature comes into view.
You slice the slime creature!!
You kill the slime creature!
Trog accepts your kill.
Two slime creatures merge to form an enormous slime creature.
Unknown command.
The enormous slime creature hits you!!!
You barely miss the enormous slime creature.
You headbutt the enormous slime creature!
The enormous slime creature hits you but does no damage.
You slice the enormous slime creature!! The enormous slime creature misses you.
You slash the enormous slime creature!
The enormous slime creature hits you!!!!
Ouch! That really hurt!
You die...

########...# #....## #.#.........
...........###.....###.#.########
..#######..............#.#.)....#
#.#######.######.####..#.#.####.#
#.........# #.# #..#)#.#.)#.#
########### #.# #..#.#...(#.# #.#
##.#.######†# ###### #.#
#.#........# .....# #@#
#.########## .....# #J#
#........... ###### #S#
############ # #.. ## #### #.#
.###.># #.# .....## #.# .##.##
#.# #. ###### ###.# #.# ......


You could see an enormous slime creature and an adder.

Vanquished Creatures
  2 entropy weavers
  A dire elephant (Lair:6)
  Fannar (D:12)
  A catoblepas (Lair:6)
  6 hydras
  3 two-headed ogres
  A queen ant (Lair:5)
  3 death yaks (Lair:6)
  Nergalle (D:12)
  2 lindwurms (Lair:6)
  3 cyclopes (D:11)
  A manticore (D:12)
  2 elephants (Lair:6)
  Psyche (D:12)
  Maurice (D:10)
  9 black mambas
  Maggie (D:8)
  14 cane toads
  A kobold demonologist (D:8)
  8 komodo dragons
  7 rime drakes
  Grinder (D:6)
  3 trolls
  4 jumping spiders (Lair:3)
  A polar bear (Lair:3)
  A meliai (D:12)
  Prince Ribbit (D:9)
  8 dream sheep (Lair:6)
  6 slime creatures (D:12)
  9 blink frogs
  A shadow (D:12)
  A vampire (D:12)
  4 redbacks (Lair:3)
  2 wyverns
  48 yaks
  A steam dragon (D:9)
  Eustachio (D:6)
  2 basilisks (Lair:6)
  24 soldier ants
  An acid dragon (D:12)
  15 water moccasins
  3 sky beasts
  2 black bears
  3 ice beasts
  15 orc warriors
  2 eyes of draining
  2 hornet zombies
  7 phantoms
  6 ogres
  A necrophage (D:7)
  10 wolves
  13 centaurs
  2 big kobolds
  21 bullfrogs
  A gnoll sergeant (D:8)
  4 scorpions
  22 killer bees
  7 wights
  2 electric eels (Lair:3)
  2 howler monkeys (D:7)
  2 centaur zombies
  3 jellies
  A quasit (D:11)
  5 hounds
  2 centaur skeletons
  3 bullfrog skeletons
  8 orc priests
  14 orc wizards
  23 worker ants
  7 hell rats (Lair:2)
  6 iguanas
  2 hound zombies
  2 hound skeletons
  2 howler monkey zombies
  4 worker ant zombies
  21 adders
  3 gnolls (D:8)
  A shadow imp (D:7)
  3 white imps
  2 ufetubi
  An ooze (D:2)
  3 adder skeletons
  3 adder zombies
  3 worms
  4 dart slugs
  5 leopard geckos
  104 orcs
  4 giant cockroaches
  9 goblins
  4 hobgoblins
  7 jackals
  5 quokkas
  8 ball pythons
  3 bats
  5 frilled lizards
  A giant cockroach zombie (D:5)
  18 kobolds
  A leopard gecko zombie (D:9)
  A quokka zombie (D:6)
  8 rats
639 creatures vanquished.

Vanquished Creatures (others)
  A kobold (D:9)
  67 fungi
  75 plants
143 creatures vanquished.

Grand Total: 782 creatures vanquished

Notes
Turn   | Place    | Note
-------+----------+-------------------------------------------
     0 | D:1      | amb the Minotaur Berserker began the quest for the Orb.
     0 | D:1      | Reached XP level 1. HP: 19/19 MP: 0/0
   364 | D:1      | Reached XP level 2. HP: 26/27 MP: 1/1
   398 | D:1      | Reached skill level 4 in Axes
  1402 | D:2      | Reached XP level 3. HP: 30/33 MP: 2/2
  1749 | D:2      | Reached ** piety under Trog
  1792 | D:2      | Found an iron altar of Okawaru.
  2146 | D:2      | Reached XP level 4. HP: 40/40 MP: 3/3
  2515 | D:3      | Reached skill level 5 in Axes
  2543 | D:3      | Reached XP level 5. HP: 30/47 MP: 4/4
  2682 | D:3      | You fall into a shaft and drop 2 floors!
  2682 | D:5      | Entered Level 5 of the Dungeon
  2725 | D:5      | Noticed a sky beast
  2743 | D:5      | Killed a sky beast
  2969 | D:5      | Reached skill level 6 in Axes
  2969 | D:5      | Reached XP level 6. HP: 35/55 MP: 5/5
  3143 | D:5      | Reached skill level 5 in Fighting
  3511 | D:5      | Reached XP level 7. HP: 55/61 MP: 6/6
  3561 | D:5      | Found Juleudor's Assorted Antiques.
  3608 | D:5      | Reached *** piety under Trog
  3609 | D:5      | Reached skill level 7 in Axes
  3609 | D:5      | Reached skill level 1 in Evocations
  3708 | D:5      | Reached skill level 5 in Armour
  3759 | D:5      | Found a blossoming altar of Fedhas.
  4128 | D:4      | Reached XP level 8. HP: 62/70 MP: 7/7
  4164 | D:4      | Found a staircase to the Ecumenical Temple.
  4336 | D:4      | Got a fine dagger
  4366 | D:4      | Found a hazy altar of Hepliaklqana.
  4390 | D:4      | Found a glowing golden altar of the Shining One.
  5042 | D:6      | Reached skill level 8 in Axes
  5042 | D:6      | Reached skill level 5 in Dodging
  5261 | D:6      | Got a crude falchion
  5372 | D:6      | Identified the +4 falchion of Resourcefulness {speed, MP+9
                  | Int+3} (You found it on level 6 of the Dungeon)
  5464 | D:6      | You fall into a shaft and drop 1 floor!
  5486 | D:7      | Reached skill level 1 in Long Blades
  5566 | D:7      | Found a shimmering altar of Xom.
  5566 | D:7      | Found a hide-covered altar of Uskayaw.
  5566 | D:7      | Found a white marble altar of Elyvilon.
  6094 | D:7      | Reached XP level 9. HP: 77/77 MP: 8/8
  6102 | D:7      | Reached **** piety under Trog
  6320 | D:7      | Got a scorched short sword
  6539 | D:7      | Reached skill level 9 in Axes
  7423 | D:6      | Noticed Eustachio
  7440 | D:6      | Killed Eustachio
  7663 | D:6      | Noticed Grinder
  7668 | D:6      | Paralysed by Grinder for 5 turns
  7677 | D:6      | Killed Grinder
  7678 | D:6      | Reached skill level 5 in Long Blades
  7813 | D:6      | Got a pair of translucent boots
  7824 | D:6      | Found a sparkling altar of Nemelex Xobeh.
  8420 | D:6      | Identified the +2 pair of boots of Vanity {rCorr Int-2
                  | Slay+2} (You found it on level 6 of the Dungeon)
  8621 | D:8      | Noticed a kobold demonologist
  8632 | D:8      | Noticed a red devil
  8633 | D:8      | Killed a kobold demonologist
  8633 | D:8      | Reached ***** piety under Trog
  8796 | D:8      | Reached XP level 10. HP: 74/87 MP: 9/9
  8847 | D:8      | Received a gift from Trog
  8873 | D:8      | Found a roughly hewn altar of Beogh.
  8908 | D:8      | Found a staircase to the Lair.
  9098 | D:8      | Noticed a two-headed ogre
  9104 | D:8      | Killed a two-headed ogre
  9247 | D:8      | Found a radiant altar of Vehumet.
  9247 | D:8      | Noticed Maggie
  9254 | D:8      | Reached skill level 10 in Axes
  9262 | D:8      | Killed Maggie
  9712 | Lair:1   | Entered Level 1 of the Lair of Beasts
  9766 | Lair:1   | Noticed a cane toad
  9770 | Lair:1   | Killed a cane toad
  9771 | Lair:1   | Reached skill level 5 in Evocations
  9935 | Lair:1   | Noticed a cane toad
  9942 | Lair:1   | Killed a cane toad
 10004 | Lair:1   | Noticed a cane toad
 10009 | Lair:1   | Killed a cane toad
 10010 | Lair:1   | Reached skill level 11 in Axes
 10014 | Lair:1   | Noticed a cane toad
 10017 | Lair:1   | Killed a cane toad
 10400 | Lair:1   | Reached XP level 11. HP: 94/96 MP: 3/10
 11086 | Lair:2   | Got a shimmering leather armour
 11359 | Lair:2   | Got a faintly humming robe
 11413 | Lair:2   | Reached skill level 12 in Axes
 12149 | Lair:2   | Reached skill level 10 in Fighting
 12151 | Lair:2   | Received a gift from Trog
 12633 | Lair:3   | Noticed a seven-headed hydra
 12645 | Lair:3   | Found a staircase to the Swamp.
 12947 | Lair:3   | Reached skill level 10 in Armour
 12948 | Lair:3   | Reached skill level 13 in Axes
 13186 | Lair:3   | Reached XP level 12. HP: 46/106 MP: 2/11
 13990 | Lair:3   | Found a hole to the Spider Nest.
 14718 | Lair:3   | Gained mutation: Your spells are a little easier to cast,
                  | but a little less powerful. [potion of mutation]
 14718 | Lair:3   | Gained mutation: You have a somewhat thin skeletal
                  | structure. (Dex +2, Stealth) [potion of mutation]
 14718 | Lair:3   | Lost mutation: Your spells are a little easier to cast, but
                  | a little less powerful. [potion of mutation]
 15029 | Lair:4   | Noticed a five-headed hydra
 15039 | Lair:4   | Killed a nine-headed hydra
 15040 | Lair:4   | Reached skill level 14 in Axes
 15217 | Lair:4   | Noticed a six-headed hydra
 15226 | Lair:4   | Killed a ten-headed hydra
 15227 | Lair:4   | Reached skill level 10 in Dodging
 15948 | Lair:5   | Noticed an entropy weaver
 15968 | Lair:4   | Killed an entropy weaver
 16490 | Lair:5   | Noticed a queen ant
 16501 | Lair:5   | Killed a queen ant
 16646 | Lair:5   | Reached skill level 15 in Axes
 16943 | Lair:5   | Noticed an entropy weaver
 16993 | Lair:5   | Killed an entropy weaver
 16993 | Lair:5   | Received a gift from Trog
 16994 | Lair:5   | Reached XP level 13. HP: 74/117 MP: 0/12
 17848 | Lair:6   | Entered Level 6 of the Lair of Beasts
 18752 | Lair:6   | Found a staircase to the Slime Pits.
 18752 | Lair:6   | Found a viscous altar of Jiyva.
 18838 | Lair:6   | Identified the Papyrus of the Volcanoes
 19377 | Lair:6   | Reached skill level 16 in Axes
 19668 | Lair:6   | Received a gift from Trog
 19957 | Lair:6   | Noticed a dire elephant
 19969 | Lair:6   | Killed a dire elephant
 20885 | D:9      | Reached XP level 14. HP: 89/127 MP: 3/13
 21297 | D:9      | Noticed Prince Ribbit
 21298 | D:9      | Killed Prince Ribbit
 21634 | D:10     | Entered Level 10 of the Dungeon
 21959 | D:10     | Noticed Maurice
 21977 | D:10     | Killed Maurice
 22244 | D:10     | Received a gift from Trog
 22304 | D:10     | Found a roughly hewn altar of Beogh.
 22325 | D:10     | Reached ****** piety under Trog
 22876 | D:11     | Reached skill level 17 in Axes
 22877 | D:11     | Received a gift from Trog
 23730 | D:12     | Noticed Nergalle
 23734 | D:12     | Killed Nergalle
 23801 | D:12     | Noticed Fannar
 23812 | D:12     | Killed Fannar
 24296 | D:12     | Found a staircase to the Orcish Mines.
 24506 | D:12     | Received a gift from Trog
 24637 | D:12     | Noticed Psyche
 24641 | D:12     | Killed Psyche
 24731 | D:12     | Slain by an enormous slime creature

Illustrated notes

Levels and vault maps discovered:
D:1:      dpeg_arrival_more_subterranean_lakeside_camping, layout_basic
D:2:      layout_loops_ring, okawaru_metal_pillars_1_2
D:3:      wad_lake_hut, layout_basic, minmay_between, uniq_terence
D:4:      layout_basic, nicolae_tso_swordbearing_angel, kennysheep_mini_moat,
          minmay_temple_entry_offerings, columned_hall_lemuel
D:5:      layout_basic, serial_shops, shop_statue, kennysheep_path_1,
          st_stairs_10, fedhas_altar_3
D:6:      layout_loops_ring, lemuel_doored_altar, uniq_grinder, uniq_eustachio
D:7:      layout_basic, gammafunk_temple_overflow_claw, serial_glass,
          glass_columns_a, glass_columns_b
D:8:      layout_basic, dpeg_oklobed_lair, special_room [special_room_orc],
          basic_altar, uniq_maggie
D:9:      layout_loops_ring, uniq_prince_ribbit1
D:10:     layout_roguey [special_room_orc], special_room [special_room_orc],
          minivault_5, uniq_maurice
D:11:     layout_cave_pools, introduction_to_nature_2
D:12:     layout_loops_ring, orc_0_dummy, special_room [special_room_bee],
          minivault_5, uniq_psyche, uniq_fannar, uniq_nergalle
Lair:1:   layout_loops_ring, gauntlet_entry_generic, beast_lair_carwin_9
Lair:2:   layout_hall_layers, lemuel_old_faithful, grunt_megastairs_1
Lair:3:   layout_gridlike, swamp_mist, nicolae_spider_entry_tight_spaces,
          portal_ice_cave_entry_pillars_2
Lair:4:   layout_hall_layers
Lair:5:   layout_regular_city, minivault_29
Lair:6:   hangedman_lair_in_review, layout_misc_corridors, slime_altar_1

Skill      XL: |  1  2  3  4  5  6  7  8  9 10 11 12 13 14 |
---------------+-------------------------------------------+-----
Axes           | 4 5 6 7 8 9 11 13 15 16 17 | 17.5
Fighting       | 4 5 6 7 9 10 11 12 13 | 13.4
Armour         | 3 4 5 6 7 8 10 11 12 13 | 13.3
Dodging        | 3 4 5 6 7 9 10 11 12 | 12.2
Evocations     | 1 3 4 5 |  5.5
Long Blades    | 3 6 |  6.4

Action                   |  1- 3 |  4- 6 |  7- 9 | 10-12 | 13-15 || total
-------------------------+-------+-------+-------+-------+-------++-------
Melee: Hand axe          |    99 |    95 |    86 |       |       ||   280
       Headbutt          |    14 |    23 |    89 |    97 |   115 ||   338
       Falchion          |       |       |   236 |    23 |       ||   259
       Battleaxe         |       |       |       |   462 |   385 ||   847
       Executioner's axe |       |       |       |       |   133 ||   133
Invok: Berserk           |       |       |       |     3 |     5 ||     8
       Trog's Hand       |       |       |       |       |     1 ||     1
Evoke: Wand              |       |       |       |       |     4 ||     4
  Use: Scroll            |     2 |     1 |     4 |    10 |    20 ||    37
       Potion            |       |       |     6 |     7 |     3 ||    16
Armor: Animal skin       |     6 |       |       |       |       ||     6
       Ring mail         |    11 |    31 |     6 |       |       ||    48
       Chain mail        |       |       |    74 |       |       ||    74
       Plate armour      |       |       |    14 |   406 |   397 ||   817
Dodge: Dodged            |    56 |    50 |   138 |   334 |   372 ||   950
       Rpst.: Falchion   |       |       |    24 |     1 |       ||    25

Table legend: (Time is in decaauts)
 A = Elapsed time spent in this place.
 B = Non-inter-level travel time spent in this place.
 C = Inter-level travel time spent in this place.
 D = Time resting spent in this place.
 E = Time spent auto-exploring this place.
 F = Levels seen in this place.
 G = Mean time per level.
                   A        B        C        D        E       F      G
               +--------+--------+--------+--------+--------+-----+--------+
         Total |  24781 |  23809 |    972 |   4587 |  14777 |  18 | 1376.7 |
       Dungeon |  13700 |  13173 |    527 |   1747 |   8568 |  12 | 1141.7 |
          Lair |  11081 |  10636 |    445 |   2839 |   6209 |   6 | 1846.8 |
               +--------+--------+--------+--------+--------+-----+--------+

Top non-repeatable levels by time:
  Lair:5: 2329 daAuts
  Lair:3: 2210 daAuts
  Lair:6: 1987 daAuts
     D:7: 1953 daAuts
  Lair:2: 1622 daAuts
     D:1: 1552 daAuts
  Lair:4: 1541 daAuts
     D:6: 1477 daAuts
     D:5: 1416 daAuts
  Lair:1: 1389 daAuts
     D:8: 1246 daAuts
    D:10: 1125 daAuts
    D:12: 1033 daAuts
    D:11: 962 daAuts
     D:4: 902 daAuts
